Sabres vs BlackHawks

Created - 7 avril 2019 at 20:29

Goals
1 2 3 T
Sabres 0 0 1 1
BlackHawks 0 2 1 3
Shots
1 2 3 T
Sabres 7 11 9 27
BlackHawks 7 10 13 30

1st period

No Goal

Penalties :
Lars Eller (BUF) for Cross-checking (Minor) at 9:54

2nd period

1. BlackHawks , Brady Skjei 7 (Anze Kopitar 46, Kyle Palmieri 38) at 6:06
2. BlackHawks , Kyle Palmieri 23 (Evgeny Kuznetsov 30, Brent Seabrook 28) at 17:45

Penalties :
Shea Weber (CHI) for Slashing (Minor) at 8:11, Brady Skjei (CHI) for Close Hand On Puck (Minor) at 19:02

3rd period

3. BlackHawks , Evgeny Kuznetsov 24 (Shea Weber 39, Kyle Palmieri 39) at 6:02
4. Sabres , Josh Ho-Sang 8 (Kyle Turris 26) at 19:10 (PP)

Penalties :
Tyler Myers (BUF) for Roughing (Minor) at 2:22, Blake Comeau (CHI) for Hooking (Minor) at 18:43

Goalie Stats

Matt Murray (BUF), 27 saves from 30 shots - (0.900), L, 30-25-10, 60:00 minutes
Carey Price (CHI), 26 saves from 27 shots - (0.963), W, 27-25-9, 60:00 minutes

Players Stats for Sabres

Player Name              G  A  P  +/- PIM S  H  SB GA TA FO     MP     PP MP  PK MP  
------------------------------------------------------------------------------------
Adam Pelech              0  0  0   0  0   0  0  0  0  0  0/0     5:15   0:00   0:04 
Andy Greene              0  0  0  -1  0   0  1  1  0  0  0/0    20:01   0:00   2:25 
Brendan Perlini          0  0  0  -2  0   2  2  0  0  0  0/0    14:25   2:15   0:31 
Brett Connolly           0  0  0  -3  0   0  1  0  0  0  0/1    16:13   0:00   0:22 
Brock Nelson             0  0  0   0  0   2  2  0  0  0  1/1    17:08   0:00   1:29 
Dan Girardi              0  0  0  -1  0   1  0  0  0  0  0/0    14:14   0:00   2:25 
Evander Kane             0  0  0   0  0   2  6  0  0  0  2/4    21:39   2:10   0:00 
Jake McCabe              0  0  0  -1  0   0  2  0  0  0  0/0    21:07   2:37   1:29 
John Carlson             0  0  0  -1  0   2  0  3  0  0  0/0    26:22   2:37   1:33 
Josh Ho-Sang             1  0  1  -1  0   2  0  0  0  0  0/1     7:43   2:15   0:00 
Kyle Criscuolo           0  0  0  -1  0   1  0  0  0  0  0/3     5:28   0:00   0:00 
Kyle Turris              0  1  1   0  0   0  1  0  0  0  16/29  18:59   2:15   1:05 
Lars Eller               0  0  0  -2  2   0  0  0  0  0  6/11   12:12   0:00   1:12 
Leon Draisaitl           0  0  0   0  0   8  0  0  0  0  2/2    21:39   2:10   0:00 
Paul Stastny             0  0  0   0  0   4  0  0  0  0  8/26   22:49   2:10   1:10 
Ryan Murray              0  0  0  -1  0   1  0  0  0  0  0/0    13:37   1:48   0:00 
Tyler Myers              0  0  0  -1  2   0  0  3  0  0  0/0    19:23   1:48   0:00 
Zach Hyman               0  0  0   0  0   2  0  0  0  0  1/1    17:46   0:00   2:07 

Players Stats for BlackHawks

Player Name              G  A  P  +/- PIM S  H  SB GA TA FO     MP     PP MP  PK MP  
------------------------------------------------------------------------------------
Alex Galchenyuk          0  0  0   1  0   1  0  0  0  0  0/1     5:13   0:00   0:27 
Andrew Copp              0  0  0   0  0   2  1  0  0  0  11/19  21:29   2:33   1:01 
Anze Kopitar             0  1  1   2  0   4  0  0  0  0  17/27  19:19   1:25   0:00 
Blake Comeau             0  0  0   0  2   1  2  0  0  0  0/1    19:41   1:25   2:57 
Boone Jenner             0  0  0   0  0   3  4  0  0  0  4/8    17:51   2:33   1:01 
Brady Skjei              1  0  1   1  2   1  2  1  0  0  0/0    19:37   1:25   0:00 
Brent Seabrook           0  1  1   1  0   0  4  1  0  0  0/0    16:22   0:00   2:18 
Chris Tierney            0  0  0   0  0   0  1  0  0  0  4/12   15:20   0:00   0:00 
Corey Perry              0  0  0   0  0   0  0  0  0  0  0/0    16:50   2:33   0:00 
Darnell Nurse            0  0  0   1  0   0  2  1  0  0  0/0    21:56   1:25   2:18 
Dion Phaneuf             0  0  0   1  0   1  2  1  0  0  0/0    24:00   2:33   2:07 
Evgeny Kuznetsov         1  1  2   3  0   5  2  0  0  0  0/0    17:42   0:00   0:00 
Jay Beagle               0  0  0   0  0   1  0  0  0  0  5/8    18:44   0:00   3:24 
Johnny Oduya             0  0  0   1  0   0  3  0  0  0  0/0    15:02   0:00   0:58 
Kyle Palmieri            1  2  3   3  0   8  0  0  0  0  2/3    19:07   1:25   0:00 
Scottie Upshall          0  0  0   0  0   1  1  0  0  0  0/0     4:18   0:00   0:00 
Shea Weber               0  1  1   1  2   2  2  2  0  0  0/0    23:01   2:33   1:09 
Tom Wilson               0  0  0   0  0   0  0  0  0  0  0/0     0:00   0:00   0:00 

3 Stars

1 - Kyle Palmieri (CHI)
2 - Evgeny Kuznetsov (CHI)
3 - Carey Price (CHI)

Power Play

Sabres - 1 on 3 Attempt(s) - 33.33%
BlackHawks - 0 on 2 Attempt(s) - 0.00%

Penalty Kill

Sabres - 2 on 2 Attempt(s) - 100.00% - Score 0 goal in Penalty Kill
BlackHawks - 2 on 3 Attempt(s) - 66.67% - Score 0 goal in Penalty Kill

Team Stat

Sabres - Hits : 15 - Faceoff Wins : 36 - Blocked Shots : 7 - Penalty Minutes : 4
BlackHawks - Hits : 26 - Faceoff Wins : 43 - Blocked Shots : 6 - Penalty Minutes : 6

Official

Referees : Kyle Rehman and Brian Pochmara
Linesman : Scott Cherrey and Mark Wheler

Game Notes

No Game Note

Finance

Level 1 -- Attendance: 6175 (95.00%) -- Ticket Income 679 250 $
Level 2 -- Attendance: 5000 (100.00%) -- Ticket Income 375 000 $
Level 3 -- Attendance: 3114 (88.97%) -- Ticket Income 174 384 $
Level 4 -- Attendance: 2683 (72.18%) -- Ticket Income 107 320 $
Luxury Box -- Attendance: 956 (95.60%) -- Ticket Income 190 244 $
Game was played at the United Center.
Total Attendance: 17928 (90.93%)
Total Ticket Income: 1 526 198 $
Other Income: 747 837 $
Total Income: 2 274 035 $

% Time on Ice - Sabres

Lines # - Real PCT - Wanted PCT - Time Play
Normal Forward
1 - 38% - 42% - 19:29
2 - 30% - 33% - 15:39
3 - 21% - 20% - 11:01
4 - 11% - 5% - 5:28
Normal Defense
1 - 33% - 40% - 17:01
2 - 34% - 30% - 17:36
3 - 23% - 20% - 11:49
4 - 10% - 10% - 5:11
PP Forward
1 - 49% - 60% - 2:10
2 - 51% - 40% - 2:15
PP Defense
1 - 59% - 60% - 2:37
2 - 41% - 40% - 1:48
PK Forward
1 - 87% - 60% - 3:27
2 - 13% - 40% - 0:31
PK Defense
1 - 61% - 60% - 2:25
2 - 39% - 40% - 1:33
PK3 Forward
1 - 0% - 60%
2 - 0% - 40%
PK3 Defense
1 - 0% - 60%
2 - 0% - 40%
44 Forward
1 - 0% - 60%
2 - 0% - 40%
44 Defense
1 - 0% - 60%
2 - 0% - 40%
Last Minute Offensive  - 0:00
Last Minute Defensive  - 0:00
Total
Forward - 60:00
Defense - 60:00

% Time on Ice - BlackHawks

Lines # - Real PCT - Wanted PCT - Time Play
Normal Forward
1 - 34% - 32% - 17:42
2 - 28% - 31% - 14:17
3 - 30% - 27% - 15:20
4 - 8% - 10% - 4:18
Normal Defense
1 - 36% - 40% - 18:25
2 - 35% - 30% - 18:13
3 - 27% - 20% - 14:04
4 - 2% - 10% - 0:55
PP Forward
1 - 36% - 60% - 1:25
2 - 64% - 40% - 2:33
PP Defense
1 - 64% - 60% - 2:33
2 - 36% - 40% - 1:25
PK Forward
1 - 77% - 60% - 3:24
2 - 23% - 40% - 1:01
PK Defense
1 - 48% - 60% - 2:07
2 - 52% - 40% - 2:18
PK3 Forward
1 - 0% - 60%
2 - 0% - 40%
PK3 Defense
1 - 0% - 60%
2 - 0% - 40%
44 Forward
1 - 0% - 60%
2 - 0% - 40%
44 Defense
1 - 0% - 60%
2 - 0% - 40%
Last Minute Offensive  - 0:00
Last Minute Defensive  - 0:00
Total
Forward - 60:00
Defense - 60:00

Play-by-Play

1st period


0:01 of 1st period - Anze Kopitar wins face-off versus Evander Kane in neutral zone.
0:04 of 1st period - Shot by Evgeny Kuznetsov.
0:04 of 1st period - Stopped by Matt Murray without a rebound.
0:05 of 1st period - Andrew Copp wins face-off versus Kyle Turris in Sabres zone.
0:12 of 1st period - Shot by Boone Jenner.
0:12 of 1st period - Shot Misses the Net.
0:17 of 1st period - Icing by Andy Greene.
0:18 of 1st period - Kyle Turris wins face-off versus Chris Tierney in Sabres zone.
0:18 of 1st period - Kyle Turris is hit by Blake Comeau.
0:30 of 1st period - Shot by Blake Comeau.
0:30 of 1st period - Stopped by Matt Murray without a rebound.
0:31 of 1st period - Paul Stastny wins face-off versus Anze Kopitar in Sabres zone.
2:27 of 1st period - Shot by Kyle Turris.
2:27 of 1st period - Shot Misses the Net.
2:49 of 1st period - Shot by Chris Tierney.
2:49 of 1st period - Shot Misses the Net.
3:18 of 1st period - Icing by John Carlson.
3:19 of 1st period - Anze Kopitar wins face-off versus Kyle Criscuolo in Sabres zone.
3:34 of 1st period - Shot by Kyle Criscuolo.
3:34 of 1st period - Stopped by Carey Price without a rebound.
3:35 of 1st period - Leon Draisaitl wins face-off versus Andrew Copp in BlackHawks zone.
3:55 of 1st period - Off-side.
3:56 of 1st period - Anze Kopitar wins face-off versus Lars Eller in neutral zone.
4:19 of 1st period - Brendan Perlini is hit by Brady Skjei and loses puck.
4:28 of 1st period - Icing by Darnell Nurse.
4:29 of 1st period - Kyle Palmieri wins face-off versus Paul Stastny in BlackHawks zone.
4:36 of 1st period - Shot by Anze Kopitar.
4:36 of 1st period - Shot Blocked by Tyler Myers.
5:27 of 1st period - Off-side.
5:28 of 1st period - Kyle Turris wins face-off versus Chris Tierney in neutral zone.
6:09 of 1st period - Johnny Oduya is hit by Jake McCabe and loses puck.
6:26 of 1st period - Shot by Ryan Murray.
6:26 of 1st period - Shot Misses the Net.
6:31 of 1st period - Chris Tierney is hit by Brendan Perlini and loses puck.
8:14 of 1st period - Off-side.
8:15 of 1st period - Kyle Turris wins face-off versus Anze Kopitar in neutral zone.
8:25 of 1st period - Shot by Anze Kopitar.
8:25 of 1st period - Shot Misses the Net.
8:29 of 1st period - Shot by Evgeny Kuznetsov.
8:29 of 1st period - Stopped by Matt Murray without a rebound.
8:30 of 1st period - Kyle Turris wins face-off versus Anze Kopitar in Sabres zone.
8:35 of 1st period - Shot by Brock Nelson.
8:35 of 1st period - Stopped by Carey Price without a rebound.
8:36 of 1st period - Anze Kopitar wins face-off versus Paul Stastny in BlackHawks zone.
8:41 of 1st period - Shot by Leon Draisaitl.
8:41 of 1st period - Shot Misses the Net.
8:43 of 1st period - Shot by Leon Draisaitl.
8:43 of 1st period - Shot Blocked by Darnell Nurse.
8:53 of 1st period - Paul Stastny is hit by Darnell Nurse and loses puck.
8:58 of 1st period - Shot by Evander Kane.
8:58 of 1st period - Deflect By Paul Stastny.
8:58 of 1st period - Stopped by Carey Price with a rebound.
9:04 of 1st period - Shot by Leon Draisaitl.
9:04 of 1st period - Stopped by Carey Price without a rebound.
9:05 of 1st period - Kyle Turris wins face-off versus Chris Tierney in BlackHawks zone.
9:54 of 1st period - Minor Penalty to Lars Eller for Cross-checking.
9:55 of 1st period - Andrew Copp wins face-off versus Paul Stastny in Sabres zone.
10:12 of 1st period - Shot by Shea Weber.
10:12 of 1st period - Stopped by Matt Murray without a rebound.
10:13 of 1st period - Kyle Turris wins face-off versus Blake Comeau in Sabres zone.
11:10 of 1st period - Shot by Andrew Copp.
11:10 of 1st period - Shot Misses the Net.
11:18 of 1st period - Shot by Dion Phaneuf.
11:18 of 1st period - Stopped by Matt Murray without a rebound.
11:19 of 1st period - Kyle Turris wins face-off versus Andrew Copp in Sabres zone.
11:19 of 1st period - Kyle Turris is hit by Boone Jenner.
11:51 of 1st period - Shot by Paul Stastny.
11:51 of 1st period - Shot Blocked by Shea Weber.
11:53 of 1st period - Shot by Paul Stastny.
11:53 of 1st period - Stopped by Carey Price without a rebound.
11:54 of 1st period - Lars Eller wins face-off versus Anze Kopitar in BlackHawks zone.
11:57 of 1st period - Shot by Brendan Perlini.
11:57 of 1st period - Shot Misses the Net.
12:31 of 1st period - Shot by Evgeny Kuznetsov.
12:31 of 1st period - Shot Misses the Net.
12:55 of 1st period - Shot by Blake Comeau.
12:55 of 1st period - Shot Blocked by John Carlson.
14:48 of 1st period - Shot by Kyle Turris.
14:48 of 1st period - Shot Misses the Net.
14:50 of 1st period - Shot by Dan Girardi.
14:50 of 1st period - Stopped by Carey Price without a rebound.
14:51 of 1st period - Chris Tierney wins face-off versus Kyle Turris in BlackHawks zone.
15:05 of 1st period - Zach Hyman is hit by Johnny Oduya.
15:30 of 1st period - Kyle Turris is hit by Chris Tierney and loses puck.
15:34 of 1st period - Dan Girardi is hit by Johnny Oduya and loses puck.
16:03 of 1st period - Shot by Leon Draisaitl.
16:03 of 1st period - Stopped by Carey Price with a rebound.
16:38 of 1st period - Anze Kopitar is hit by Andy Greene and loses puck.
16:47 of 1st period - Shot by Kyle Palmieri.
16:47 of 1st period - Stopped by Matt Murray without a rebound.
16:48 of 1st period - Brock Nelson wins face-off versus Anze Kopitar in Sabres zone.
16:57 of 1st period - Darnell Nurse is hit by Brock Nelson and loses puck.
18:40 of 1st period - Shot by Josh Ho-Sang.
18:40 of 1st period - Shot Misses the Net.
18:46 of 1st period - Tyler Myers is hit by Boone Jenner and loses puck.
19:33 of 1st period - Shot by Jay Beagle.
19:33 of 1st period - Shot Misses the Net.
19:35 of 1st period - Shot by Jay Beagle.
19:35 of 1st period - Deflect By Chris Tierney.
19:35 of 1st period - Shot Blocked by Tyler Myers.
19:37 of 1st period - Shot by Blake Comeau.
19:37 of 1st period - Shot Misses the Net.
19:39 of 1st period - Shot by Jay Beagle.
19:39 of 1st period - Shot Blocked by Tyler Myers.
19:55 of 1st period - Shot by Jay Beagle.
19:55 of 1st period - Stopped by Matt Murray without a rebound.
19:56 of 1st period - Evander Kane wins face-off versus Anze Kopitar in Sabres zone.
Goals for this period are 0 for Sabres vs 0 for BlackHawks.
Shots for this period are 7 for Sabres vs 7 for BlackHawks.

2nd period


0:01 of 2nd period - Andrew Copp wins face-off versus Paul Stastny in neutral zone.
0:38 of 2nd period - Shea Weber is hit by Evander Kane and loses puck.
1:08 of 2nd period - Shot by Brock Nelson.
1:08 of 2nd period - Shot Blocked by Dion Phaneuf.
3:03 of 2nd period - Leon Draisaitl is hit by Johnny Oduya and loses puck.
3:37 of 2nd period - Brett Connolly is hit by Brent Seabrook and loses puck.
3:40 of 2nd period - Shot by Josh Ho-Sang.
3:40 of 2nd period - Stopped by Carey Price with a rebound.
3:53 of 2nd period - Kyle Turris is hit by Brent Seabrook and loses puck.
4:01 of 2nd period - Brock Nelson is hit by Brent Seabrook and loses puck.
4:56 of 2nd period - Shot by Leon Draisaitl.
4:56 of 2nd period - Stopped by Carey Price without a rebound.
4:57 of 2nd period - Lars Eller wins face-off versus Boone Jenner in BlackHawks zone.
4:57 of 2nd period - John Carlson is hit by Shea Weber and loses puck.
5:39 of 2nd period - Icing by John Carlson.
5:40 of 2nd period - Kyle Palmieri wins face-off versus Lars Eller in Sabres zone.
6:00 of 2nd period - Anze Kopitar is hit by Jake McCabe.
6:02 of 2nd period - Shot by Kyle Palmieri.
6:02 of 2nd period - Stopped by Matt Murray with a rebound.
6:04 of 2nd period - Shot by Anze Kopitar.
6:04 of 2nd period - Shot Misses the Net.
6:06 of 2nd period - Shot by Brady Skjei.
6:06 of 2nd period - Goal by Brady Skjei - Sabres : 0 - BlackHawks : 1.
6:07 of 2nd period - Paul Stastny wins face-off versus Andrew Copp in neutral zone.
6:18 of 2nd period - Shot by Leon Draisaitl.
6:18 of 2nd period - Stopped by Carey Price without a rebound.
6:19 of 2nd period - Kyle Turris wins face-off versus Anze Kopitar in BlackHawks zone.
6:21 of 2nd period - Zach Hyman is hit by Darnell Nurse and loses puck.
6:32 of 2nd period - Shot by Anze Kopitar.
6:32 of 2nd period - Stopped by Matt Murray without a rebound.
6:33 of 2nd period - Boone Jenner wins face-off versus Paul Stastny in Sabres zone.
6:54 of 2nd period - Shot by Leon Draisaitl.
6:54 of 2nd period - Stopped by Carey Price without a rebound.
6:55 of 2nd period - Kyle Turris wins face-off versus Anze Kopitar in BlackHawks zone.
7:08 of 2nd period - Shot by Zach Hyman.
7:08 of 2nd period - Stopped by Carey Price without a rebound.
7:09 of 2nd period - Leon Draisaitl wins face-off versus Andrew Copp in BlackHawks zone.
7:09 of 2nd period - Paul Stastny is hit by Dion Phaneuf.
7:11 of 2nd period - Shot by Leon Draisaitl.
7:11 of 2nd period - Shot Misses the Net.
7:17 of 2nd period - Shot by Paul Stastny.
7:17 of 2nd period - Deflect By Evander Kane.
7:17 of 2nd period - Stopped by Carey Price without a rebound.
7:18 of 2nd period - Anze Kopitar wins face-off versus Paul Stastny in BlackHawks zone.
7:18 of 2nd period - Anze Kopitar is hit by Evander Kane.
7:23 of 2nd period - Off-side.
7:24 of 2nd period - Andrew Copp wins face-off versus Paul Stastny in neutral zone.
7:31 of 2nd period - Shot by Scottie Upshall.
7:31 of 2nd period - Stopped by Matt Murray without a rebound.
7:32 of 2nd period - Paul Stastny wins face-off versus Andrew Copp in Sabres zone.
7:32 of 2nd period - Paul Stastny is hit by Andrew Copp.
7:37 of 2nd period - Icing by John Carlson.
7:38 of 2nd period - Evander Kane wins face-off versus Andrew Copp in Sabres zone.
7:43 of 2nd period - Shot by Leon Draisaitl.
7:43 of 2nd period - Stopped by Carey Price without a rebound.
7:44 of 2nd period - Andrew Copp wins face-off versus Paul Stastny in BlackHawks zone.
7:44 of 2nd period - Andrew Copp is hit by Evander Kane.
7:52 of 2nd period - Shot by Dion Phaneuf.
7:52 of 2nd period - Shot Misses the Net.
8:11 of 2nd period - Minor Penalty to Shea Weber for Slashing.
8:12 of 2nd period - Kyle Turris wins face-off versus Jay Beagle in BlackHawks zone.
8:34 of 2nd period - Off-side.
8:35 of 2nd period - Jay Beagle wins face-off versus Paul Stastny in neutral zone.
9:04 of 2nd period - Shot by John Carlson.
9:04 of 2nd period - Shot Misses the Net.
9:10 of 2nd period - Shot by John Carlson.
9:10 of 2nd period - Stopped by Carey Price without a rebound.
9:11 of 2nd period - Boone Jenner wins face-off versus Josh Ho-Sang in BlackHawks zone.
9:59 of 2nd period - Icing by Tyler Myers.
10:00 of 2nd period - Kyle Turris wins face-off versus Boone Jenner in Sabres zone.
10:05 of 2nd period - Brent Seabrook is hit by Brendan Perlini and loses puck.
10:22 of 2nd period - Evgeny Kuznetsov is hit by Evander Kane and loses puck.
11:07 of 2nd period - Shot by Andrew Copp.
11:07 of 2nd period - Shot Misses the Net.
11:11 of 2nd period - Shot by Alex Galchenyuk.
11:11 of 2nd period - Stopped by Matt Murray without a rebound.
11:12 of 2nd period - Andrew Copp wins face-off versus Kyle Turris in Sabres zone.
11:25 of 2nd period - Shot by Corey Perry.
11:25 of 2nd period - Shot Misses the Net.
12:05 of 2nd period - Shot by Jay Beagle.
12:05 of 2nd period - Deflect By Blake Comeau.
12:05 of 2nd period - Shot Misses the Net.
12:07 of 2nd period - Shot by Jay Beagle.
12:07 of 2nd period - Shot Misses the Net.
12:22 of 2nd period - Icing by Ryan Murray.
12:23 of 2nd period - Lars Eller wins face-off versus Anze Kopitar in Sabres zone.
12:57 of 2nd period - Shot by Evander Kane.
12:57 of 2nd period - Shot Hit the Post.
13:05 of 2nd period - Shot by Paul Stastny.
13:05 of 2nd period - Stopped by Carey Price without a rebound.
13:06 of 2nd period - Kyle Turris wins face-off versus Chris Tierney in BlackHawks zone.
13:08 of 2nd period - Zach Hyman is hit by Shea Weber and loses puck.
14:02 of 2nd period - Off-side.
14:03 of 2nd period - Anze Kopitar wins face-off versus Paul Stastny in neutral zone.
14:10 of 2nd period - Shot by Evgeny Kuznetsov.
14:10 of 2nd period - Deflect By Kyle Palmieri.
14:10 of 2nd period - Stopped by Matt Murray without a rebound.
14:11 of 2nd period - Andrew Copp wins face-off versus Paul Stastny in Sabres zone.
14:36 of 2nd period - Shot by Paul Stastny.
14:36 of 2nd period - Stopped by Carey Price without a rebound.
14:37 of 2nd period - Anze Kopitar wins face-off versus Brett Connolly in BlackHawks zone.
14:37 of 2nd period - Anze Kopitar is hit by Brett Connolly.
14:59 of 2nd period - Shot by Evgeny Kuznetsov.
14:59 of 2nd period - Shot Misses the Net.
15:01 of 2nd period - Shot by Anze Kopitar.
15:01 of 2nd period - Stopped by Matt Murray with a rebound.
15:03 of 2nd period - Shot by Kyle Palmieri.
15:03 of 2nd period - Shot Misses the Net.
15:13 of 2nd period - Shot by Evgeny Kuznetsov.
15:13 of 2nd period - Shot Misses the Net.
15:15 of 2nd period - Shot by Evgeny Kuznetsov.
15:15 of 2nd period - Shot Misses the Net.
15:33 of 2nd period - Shot by Andrew Copp.
15:33 of 2nd period - Stopped by Matt Murray without a rebound.
15:34 of 2nd period - Paul Stastny wins face-off versus Chris Tierney in Sabres zone.
15:47 of 2nd period - Shot by Evander Kane.
15:47 of 2nd period - Shot Misses the Net.
17:07 of 2nd period - Tyler Myers is hit by Boone Jenner and loses puck.
17:28 of 2nd period - Shot by Boone Jenner.
17:28 of 2nd period - Stopped by Matt Murray without a rebound.
17:29 of 2nd period - Lars Eller wins face-off versus Kyle Palmieri in Sabres zone.
17:29 of 2nd period - Lars Eller is hit by Evgeny Kuznetsov.
17:43 of 2nd period - Shot by Evgeny Kuznetsov.
17:43 of 2nd period - Shot Misses the Net.
17:45 of 2nd period - Shot by Kyle Palmieri.
17:45 of 2nd period - Goal by Kyle Palmieri - Sabres : 0 - BlackHawks : 2.
17:46 of 2nd period - Paul Stastny wins face-off versus Alex Galchenyuk in neutral zone.
18:22 of 2nd period - Shot by Leon Draisaitl.
18:22 of 2nd period - Stopped by Carey Price without a rebound.
18:23 of 2nd period - Anze Kopitar wins face-off versus Lars Eller in BlackHawks zone.
18:37 of 2nd period - Off-side.
18:38 of 2nd period - Anze Kopitar wins face-off versus Kyle Criscuolo in neutral zone.
19:00 of 2nd period - Brett Connolly is hit by Brady Skjei and loses puck.
19:02 of 2nd period - Minor Penalty to Brady Skjei for Close Hand On Puck.
19:03 of 2nd period - Jay Beagle wins face-off versus Paul Stastny in BlackHawks zone.
Goals for this period are 0 for Sabres vs 2 for BlackHawks.
Shots for this period are 11 for Sabres vs 10 for BlackHawks.

3rd period


0:01 of 3rd period - Jay Beagle wins face-off versus Paul Stastny in neutral zone.
0:53 of 3rd period - Icing by Brendan Perlini.
0:54 of 3rd period - Boone Jenner wins face-off versus Kyle Turris in Sabres zone.
0:58 of 3rd period - Icing by Ryan Murray.
0:59 of 3rd period - Kyle Turris wins face-off versus Boone Jenner in Sabres zone.
1:01 of 3rd period - Icing by Tyler Myers.
1:02 of 3rd period - Boone Jenner wins face-off versus Kyle Turris in Sabres zone.
1:18 of 3rd period - Shot by Zach Hyman.
1:18 of 3rd period - Stopped by Carey Price without a rebound.
1:19 of 3rd period - Anze Kopitar wins face-off versus Paul Stastny in BlackHawks zone.
1:19 of 3rd period - Anze Kopitar is hit by Evander Kane.
1:33 of 3rd period - Shot by Anze Kopitar.
1:33 of 3rd period - Shot Blocked by John Carlson.
2:22 of 3rd period - Minor Penalty to Tyler Myers for Roughing.
2:23 of 3rd period - Andrew Copp wins face-off versus Lars Eller in Sabres zone.
4:11 of 3rd period - Shot by Shea Weber.
4:11 of 3rd period - Stopped by Matt Murray with a rebound.
4:36 of 3rd period - Evander Kane is hit by Brent Seabrook and loses puck.
5:44 of 3rd period - Shot by Dion Phaneuf.
5:44 of 3rd period - Shot Blocked by Andy Greene.
5:46 of 3rd period - Shot by Kyle Palmieri.
5:46 of 3rd period - Shot Misses the Net.
5:50 of 3rd period - Shot by Kyle Palmieri.
5:50 of 3rd period - Stopped by Matt Murray with a rebound.
6:00 of 3rd period - Shot by Evgeny Kuznetsov.
6:00 of 3rd period - Stopped by Matt Murray with a rebound.
6:02 of 3rd period - Shot by Evgeny Kuznetsov.
6:02 of 3rd period - Goal by Evgeny Kuznetsov - Sabres : 0 - BlackHawks : 3.
6:03 of 3rd period - Kyle Turris wins face-off versus Andrew Copp in neutral zone.
6:17 of 3rd period - Icing by Zach Hyman.
6:18 of 3rd period - Zach Hyman wins face-off versus Chris Tierney in Sabres zone.
6:49 of 3rd period - Shot by Jay Beagle.
6:49 of 3rd period - Shot Hit the Post.
8:05 of 3rd period - Shot by Kyle Palmieri.
8:05 of 3rd period - Stopped by Matt Murray with a rebound.
8:08 of 3rd period - Icing by John Carlson.
8:09 of 3rd period - Chris Tierney wins face-off versus Evander Kane in Sabres zone.
8:15 of 3rd period - Icing by Leon Draisaitl.
8:16 of 3rd period - Anze Kopitar wins face-off versus Paul Stastny in Sabres zone.
8:23 of 3rd period - Shot by Evgeny Kuznetsov.
8:23 of 3rd period - Stopped by Matt Murray without a rebound.
8:24 of 3rd period - Anze Kopitar wins face-off versus Kyle Turris in Sabres zone.
8:29 of 3rd period - Shot by Kyle Palmieri.
8:29 of 3rd period - Shot Misses the Net.
8:39 of 3rd period - Shot by Zach Hyman.
8:39 of 3rd period - Shot Blocked by Brady Skjei.
8:41 of 3rd period - Shot by Kyle Turris.
8:41 of 3rd period - Shot Misses the Net.
8:43 of 3rd period - Shot by Ryan Murray.
8:43 of 3rd period - Stopped by Carey Price without a rebound.
8:44 of 3rd period - Chris Tierney wins face-off versus Paul Stastny in BlackHawks zone.
9:01 of 3rd period - Shot by Evander Kane.
9:01 of 3rd period - Shot Misses the Net.
9:09 of 3rd period - Shot by Evander Kane.
9:09 of 3rd period - Stopped by Carey Price without a rebound.
9:10 of 3rd period - Andrew Copp wins face-off versus Kyle Turris in BlackHawks zone.
9:14 of 3rd period - Icing by Dion Phaneuf.
9:15 of 3rd period - Andrew Copp wins face-off versus Kyle Turris in BlackHawks zone.
9:15 of 3rd period - Andrew Copp is hit by Kyle Turris.
9:36 of 3rd period - Icing by John Carlson.
9:37 of 3rd period - Anze Kopitar wins face-off versus Kyle Turris in Sabres zone.
9:42 of 3rd period - Shot by Anze Kopitar.
9:42 of 3rd period - Stopped by Matt Murray with a rebound.
9:44 of 3rd period - Shot by Darnell Nurse.
9:44 of 3rd period - Shot Hit the Post.
9:50 of 3rd period - Shot by Kyle Palmieri.
9:50 of 3rd period - Shot Misses the Net.
9:58 of 3rd period - Shot by Kyle Palmieri.
9:58 of 3rd period - Stopped by Matt Murray with a rebound.
10:04 of 3rd period - Shot by Evgeny Kuznetsov.
10:04 of 3rd period - Shot Misses the Net.
10:29 of 3rd period - Off-side.
10:30 of 3rd period - Paul Stastny wins face-off versus Andrew Copp in neutral zone.
10:42 of 3rd period - Shot by Boone Jenner.
10:42 of 3rd period - Stopped by Matt Murray with a rebound.
10:44 of 3rd period - Shot by Corey Perry.
10:44 of 3rd period - Shot Misses the Net.
10:46 of 3rd period - Shot by Andrew Copp.
10:46 of 3rd period - Shot Misses the Net.
11:09 of 3rd period - Shot by Boone Jenner.
11:09 of 3rd period - Deflect By Andrew Copp.
11:09 of 3rd period - Stopped by Matt Murray without a rebound.
11:10 of 3rd period - Lars Eller wins face-off versus Chris Tierney in Sabres zone.
11:10 of 3rd period - Lars Eller is hit by Blake Comeau.
11:57 of 3rd period - Off-side.
11:58 of 3rd period - Paul Stastny wins face-off versus Anze Kopitar in neutral zone.
12:15 of 3rd period - Paul Stastny is hit by Evgeny Kuznetsov and loses puck.
12:27 of 3rd period - Paul Stastny is hit by Dion Phaneuf and loses puck.
12:45 of 3rd period - Icing by Shea Weber.
12:46 of 3rd period - Anze Kopitar wins face-off versus Kyle Turris in BlackHawks zone.
13:01 of 3rd period - Brock Nelson is hit by Boone Jenner and loses puck.
13:22 of 3rd period - Shot by Boone Jenner.
13:22 of 3rd period - Stopped by Matt Murray with a rebound.
13:58 of 3rd period - Shot by Brett Connolly.
13:58 of 3rd period - Shot Blocked by Brent Seabrook.
14:27 of 3rd period - Shot by Brendan Perlini.
14:27 of 3rd period - Stopped by Carey Price without a rebound.
14:28 of 3rd period - Anze Kopitar wins face-off versus Paul Stastny in BlackHawks zone.
14:37 of 3rd period - Shot by Kyle Palmieri.
14:37 of 3rd period - Stopped by Matt Murray without a rebound.
14:38 of 3rd period - Anze Kopitar wins face-off versus Paul Stastny in Sabres zone.
14:49 of 3rd period - Shot by Leon Draisaitl.
14:49 of 3rd period - Stopped by Carey Price without a rebound.
14:50 of 3rd period - Andrew Copp wins face-off versus Kyle Criscuolo in BlackHawks zone.
15:11 of 3rd period - Shot by Boone Jenner.
15:11 of 3rd period - Shot Misses the Net.
15:13 of 3rd period - Shot by Darnell Nurse.
15:13 of 3rd period - Shot Blocked by John Carlson.
16:15 of 3rd period - Icing by Tyler Myers.
16:16 of 3rd period - Paul Stastny wins face-off versus Chris Tierney in Sabres zone.
17:11 of 3rd period - Darnell Nurse is hit by Evander Kane and loses puck.
17:20 of 3rd period - Evander Kane is hit by Scottie Upshall and loses puck.
18:03 of 3rd period - Shot by Anze Kopitar.
18:03 of 3rd period - Stopped by Matt Murray without a rebound.
18:04 of 3rd period - Anze Kopitar wins face-off versus Kyle Turris in Sabres zone.
18:33 of 3rd period - Shot by Kyle Turris.
18:33 of 3rd period - Shot Blocked by Shea Weber.
18:35 of 3rd period - Shot by Brock Nelson.
18:35 of 3rd period - Stopped by Carey Price without a rebound.
18:36 of 3rd period - Jay Beagle wins face-off versus Lars Eller in BlackHawks zone.
18:43 of 3rd period - Minor Penalty to Blake Comeau for Hooking.
18:44 of 3rd period - Jay Beagle wins face-off versus Kyle Turris in BlackHawks zone.
18:52 of 3rd period - Icing by John Carlson.
18:53 of 3rd period - Kyle Turris wins face-off versus Jay Beagle in Sabres zone.
19:08 of 3rd period - Shot by John Carlson.
19:08 of 3rd period - Stopped by Carey Price without a rebound.
19:09 of 3rd period - Kyle Turris wins face-off versus Jay Beagle in BlackHawks zone.
19:10 of 3rd period - Shot by Josh Ho-Sang.
19:10 of 3rd period - Goal by Josh Ho-Sang - Sabres : 1 - BlackHawks : 3.
19:11 of 3rd period - Lars Eller wins face-off versus Boone Jenner in neutral zone.
19:34 of 3rd period - Shot by Brendan Perlini.
19:34 of 3rd period - Stopped by Carey Price without a rebound.
19:35 of 3rd period - Chris Tierney wins face-off versus Kyle Turris in BlackHawks zone.
19:35 of 3rd period - Chris Tierney is hit by Brock Nelson.
Goals for this period are 1 for Sabres vs 1 for BlackHawks.
Shots for this period are 9 for Sabres vs 13 for BlackHawks.